Map: Submarine LE

Players

EnemyFeeder

  • Race: Protoss Protoss
  • League: Platinum
  • Spawn Location: 11:00

rottenorange - Winner!

  • Race: Zerg Zerg
  • League: Silver
  • Spawn Location: 5:00

VOD

Have the link to the VOD?

Description

Time

  • Played on: Oct. 11, 2020, 6:11 a.m.
  • Length: 14:51
Show
View Real Time Build Order
Export as new Build Order

EnemyFeeder Protoss 

Build Orders: Oracle Opening 

Get SALT Encoding   

  12  0:00  Probe  
  13  0:12  Probe  
  14  0:25  Pylon, Probe  
  15  0:40  Assimilator  
  15  0:43  Probe (Chrono Boost)  
  15  0:46  Gateway  
  16  0:55  Probe (Chrono Boost)  
  17  1:00  Probe (Chrono Boost)  
  18  1:10  Probe  
  19  1:12  Gateway  
  19  1:20  Assimilator  
  19  1:25  Probe  
  20  1:33  Cybernetics Core  
  20  1:36  Pylon  
  20  1:42  Probe  
  21  1:54  Probe  
  22  2:06  Probe  
  23  2:11  Stargate  
  23  2:12  Stalker (Chrono Boost)  
  25  2:17  Adept (Chrono Boost)  
  27  2:27  Pylon  
  27  2:28  Warp Gate  
  27  2:30  Probe  
  28  2:37  Stalker  
  30  2:45  Stalker  
  32  3:11  Nexus, Probe  
  33  3:13  Pylon  
  33  3:18  Oracle (Chrono Boost)  
  36  3:41  Stalker  
  36  3:43  Stalker  
  40  3:59  Gateway  
  40  4:00  Gateway  
  40  4:03  Pylon  
  40  4:08  Pylon  
  40  4:13  Shield Battery  
  37  4:47  Probe (Chrono Boost)  
  39  4:54  Probe (Chrono Boost)  
  39  4:57  Probe (Chrono Boost)  
  40  5:02  Probe (Chrono Boost)  
  40  5:03  Stargate  
  40  5:04  Probe (Chrono Boost)  
  42  5:07  Pylon, Probe (Chrono Boost)  
  42  5:09  Void Ray  
  42  5:10  Pylon  
  42  5:13  Probe  
  44  5:18  Probe (Chrono Boost)  
  49  5:26  Probe (Chrono Boost)  
  50  5:30  Probe (Chrono Boost)  
  52  5:36  Probe (Chrono Boost)  
  52  5:38  Probe (Chrono Boost)  
  52  5:41  Probe (Chrono Boost)  
  53  5:44  Probe  
  54  5:51  Gateway, Probe  
  54  5:53  Gateway  
  54  5:57  Probe  
  56  6:02  Robotics Facility  
  56  6:03  Void Ray  
  56  6:04  Probe  
  57  6:06  Void Ray, Assimilator  
  57  6:11  Assimilator  
  61  6:16  Probe  
  66  6:28  Probe  
  67  6:40  Probe (Chrono Boost)  
  67  6:47  Void Ray x2  
  68  6:50  Probe (Chrono Boost)  
  77  6:55  Nexus, Probe (Chrono Boost)  
  77  6:56  Pylon  
  77  6:58  Pylon  
  78  7:02  Observer  
  78  7:07  Probe  
  80  7:15  Forge  
  80  7:17  Twilight Council  
  80  7:19  Probe  
  80  7:20  Pylon  
  80  7:22  Pylon  
  81  7:23  Pylon  
  81  7:24  Observer  
  82  7:57  Photon Cannon  
  82  7:58  Photon Cannon  
  82  8:00  Photon Cannon  
  82  8:02  Shield Battery  
  82  8:03  Shield Battery  
  82  8:05  Shield Battery  
  82  8:07  Probe (Chrono Boost)  
  82  8:08  Void Ray  
  82  8:09  Void Ray  
  83  8:17  Probe (Chrono Boost)  
  83  8:18  Fleet Beacon  
  92  8:21  Stargate  
  92  8:22  Probe (Chrono Boost)  
  93  8:30  Immortal  
  93  8:33  Probe (Chrono Boost)  
  99  8:39  Probe (Chrono Boost)  
  99  8:43  Probe (Chrono Boost)  
  99  8:47  Probe (Chrono Boost)  
  99  8:48  Probe (Chrono Boost)  
  102  8:55  Stalker  
  102  8:56  Stalker x3  
  110  9:03  Shield Battery  
  110  9:06  Photon Cannon  
  110  9:07  Probe  
  111  9:19  Probe  
  111  9:22  Gateway x2  
  112  9:25  Gateway  
  110  9:32  Stalker x2, Probe  
  110  9:33  Stalker  
  110  9:35  Stalker  
  109  9:44  Probe  
  104  9:50  Photon Cannon  
  104  9:51  Photon Cannon  
  104  9:52  Photon Cannon  
  104  9:53  Shield Battery  
  104  9:55  Shield Battery  
  104  9:56  Probe  
  104  9:58  Stalker  
  104  9:59  Stalker  
  109  10:01  Stalker  
  109  10:04  Stalker  
  113  10:12  Charge (Chrono Boost)  
  109  10:39  Assimilator  
  109  10:40  Void Ray x3  
  109  10:43  Assimilator  
  109  10:47  Nexus  
  121  10:50  Pylon x2  
  121  10:54  Immortal  
  125  11:04  Unknown  
  125  11:07  Protoss Ground Weapons Level 1 (Chrono Boost)  
  117  11:32  Stalker x2  
  99  11:33  Stalker x4, Observer  
  99  11:34  Stalker  
  84  11:55  Observer  
  85  12:10  Stalker x3  
  85  12:11  Stalker x2  
  85  12:12  Stalker x2  
  85  12:15  Probe (Chrono Boost)  
  100  12:22  Immortal (Chrono Boost)  
  104  12:23  Void Ray x2  
  104  12:25  Probe (Chrono Boost)  
  113  12:30  Probe (Chrono Boost)  
  114  12:42  Probe  
  115  12:45  Stalker  
  115  12:46  Stalker x3  
  115  12:49  Zealot  
  115  12:50  Zealot x2  
  129  12:53  Immortal (Chrono Boost)  
  129  12:54  Probe (Chrono Boost)  
  133  13:06  Probe (Chrono Boost)  
  117  13:13  Probe (Chrono Boost)  
  100  13:20  Probe  
  89  13:32  Probe  
  78  13:34  Stalker x2  
  78  13:35  Stalker  
  78  13:36  Stalker  
  78  13:37  Stalker  
  78  13:38  Stalker x2  
Show
View Real Time Build Order
Export as new Build Order

rottenorange Zerg - Winner!

Build Orders: Hatch First 

Get SALT Encoding   

  12  0:00  Drone  
  13  0:13  Overlord  
  13  0:17  Drone  
  14  0:31  Drone x2  
  16  0:37  Drone  
  17  0:54  Hatchery  
  16  1:07  Drone  
  16  1:10  Extractor  
  16  1:13  Spawning Pool  
  16  1:16  Drone  
  16  1:24  Drone x2  
  18  1:34  Drone  
  19  1:47  Drone  
  20  1:57  Drone  
  21  2:04  Overlord  
  21  2:05  Queen  
  21  2:07  Queen  
  25  2:10  Zergling x2  
  25  2:12  Zergling x2  
  27  2:28  Zergling x4  
  29  2:40  Overlord x2  
  29  2:41  Drone  
  29  2:43  Queen  
  32  2:51  Metabolic Boost  
  32  2:57  Overlord x2  
  32  3:00  Drone  
  33  3:16  Drone x3  
  33  3:18  Drone x3  
  37  3:37  Zergling x12  
  43  3:45  Spine Crawler  
  43  3:46  Spine Crawler  
  41  3:52  Spine Crawler  
  40  4:01  Drone x4  
  40  4:02  Drone x4  
  48  4:11  Lair  
  48  4:16  Pneumatized Carapace  
  49  4:17  Drone  
  47  4:35  Spore Crawler  
  47  4:37  Spore Crawler  
  40  4:46  Drone x5  
  45  4:59  Queen  
  47  5:05  Drone  
  47  5:06  Drone x5  
  53  5:12  Hatchery  
  52  5:16  Spine Crawler  
  51  5:25  Overlord x3  
  51  5:36  Drone x4  
  54  5:56  Drone x7  
  60  6:02  Extractor  
  59  6:07  Hydralisk Den  
  59  6:09  Zergling x2  
  59  6:10  Zergling x8  
  63  6:16  Roach Warren  
  62  6:22  Drone  
  62  6:24  Zergling x2  
  62  6:25  Zergling x8  
  68  6:34  Evolution Chamber, Drone  
  68  6:37  Evolution Chamber  
  67  6:45  Grooved Spines, Hydralisk x4  
  75  6:52  Extractor  
  74  7:00  Roach x3  
  80  7:08  Extractor, Queen  
  82  7:11  Spore Crawler  
  80  7:38  Hydralisk  
  80  7:39  Hydralisk x3  
  88  7:49  Drone  
  88  7:51  Drone  
  90  8:06  Glial Reconstitution  
  90  8:07  Overlord x3  
  90  8:08  Overlord x5  
  90  8:26  Drone  
  90  8:27  Drone x3  
  94  8:29  Roach  
  94  8:30  Roach x11  
  102  9:02  Roach  
  104  9:03  Roach x13  
  130  9:28  Hatchery  
  107  9:44  Hydralisk  
  107  9:45  Hydralisk x9  
  119  10:03  Muscular Augments, Zerg Missile Weapons Level 1  
  119  10:06  Drone x2  
  119  10:07  Drone x5  
  118  10:22  Hydralisk x4  
  124  10:42  Hydralisk x2  
  124  10:43  Hydralisk x4  
  124  10:48  Overseer  
  136  10:56  Extractor, Drone x7  
  142  10:57  Extractor  
  142  10:58  Drone  
  110  11:39  Hydralisk  
  104  11:40  Hydralisk x7  
  104  11:41  Roach  
  104  11:42  Roach x6  
  126  11:53  Roach  
  126  11:54  Roach x4  
  132  11:56  Drone x7  
  137  12:14  Zerg Missile Weapons Level 2  
  137  12:21  Zerg Ground Armor Level 1  
  137  12:23  Drone  
  137  12:24  Drone x2  
  140  12:50  Extractor  
  139  12:55  Hydralisk x10  
  159  13:02  Roach, Hatchery  
  159  13:05  Overlord x7  
  130  13:29  Hydralisk x3  
  130  13:30  Hydralisk x8  
  136  14:07  Roach x12  
  136  14:08  Roach x6  
  136  14:09  Roach  
  174  14:10  Drone  
  174  14:11  Drone x2  
  174  14:14  Queen  
Tags
 
Add a new tag
Caveats
  • Supply blocks, unpowered buildings, or Contaminate may cause inaccurate times.
  • Supply counts are checked every 10 seconds.